 Seeded DCSS version 0.30.0 (webtiles) character file.

Game seed: 7229806256980976716 (custom seed)

23616 bananamous the Severer (level 12, -35/110 HPs)
             Began as a Black Draconian Berserker on July 10, 2023.
             Was a High Priest of Trog.
             Annihilated by a titanic slime creature (58 damage)
             ... on level 12 of the Dungeon.
             The game lasted 00:40:06 (12344 turns).

bananamous the Severer (Black Draconian Berserker) Turns: 12344, Time: 00:40:07

Health: -35/110    AC: 14    Str: 24    XL:     12   Next: 73%
Magic:  12/12      EV: 20    Int:  9    God:    Trog [*****.]
Gold:   2351       SH:  0    Dex: 10    Spells: 11/11 levels left

rFire   . . .        N - +5 executioner's axe (spect)
rCold   . . .        (shield currently unavailable)
rNeg    + . .        (body armour unavailable)
rPois   .            (helmet restricted)
rElec   +            R - +0 cloak
rCorr   .            p - +0 pair of gloves
SInv    .            c - +3 pair of seven-league boots {Rampage+∞}
Will    .....        (no amulet)
Stlth   +            d - ring "Muzereow" {EV+5 Slay+3}
HPRegen 0.38/turn    J - ring of positive energy
MPRegen 0.13/turn

%: rampage+∞
@: no status effects
A: breathe lightning, AC +8, unfitting armour, electricity resistance,
cold-blooded
a: Breathe Lightning, Renounce Religion, Berserk, Trog's Hand, Brothers in Arms


You were on level 12 of the Dungeon.
You worshipped Trog.
Trog was extremely pleased with you.
You visited 1 branch of the dungeon, and saw 12 of its levels.
You also visited: Ossuary and Bailey.

You collected 2351 gold pieces.

Inventory:

Hand Weapons
 N - a +5 spectral executioner's axe (weapon)
Missiles
 k - 2 throwing nets (quivered)
Armour
 c - the +3 pair of seven-league boots (worn) {Rampage+∞}
   (You acquired it on level 1 of the Dungeon)

   Rampage+∞: When moving toward enemies, its wearer moves as far as possible.
 p - a +0 pair of gloves (worn)
 R - a +0 cloak (worn)
Jewellery
 d - the ring "Muzereow" (left hand) {EV+5 Slay+3}
   (You acquired it on level 1 of the Dungeon)

   [ring of evasion]

   EV:        It affects your evasion (+5).
   Slay:      It affects your accuracy & damage with ranged weapons and melee
   (+3).
 J - a ring of positive energy (right hand)
 L - a ring of resist corrosion
Wands
 s - a wand of charming (26)
 Q - a wand of digging (3)
Scrolls
 b - 4 scrolls of amnesia {unknown}
 e - 4 scrolls of teleportation {unknown}
 g - 2 scrolls of enchant armour {unknown}
 i - a scroll of blinking
 j - 8 scrolls of identify
 o - 3 scrolls of poison
 u - 7 scrolls of vulnerability
 v - 2 scrolls of fog {unknown}
 x - 3 scrolls of silence
 y - a scroll of butterflies {unknown}
 B - 4 scrolls of magic mapping {unknown}
 F - 2 scrolls of torment {unknown}
 H - 3 scrolls of enchant weapon {unknown}
 I - 6 scrolls of immolation {unknown}
 K - a scroll of brand weapon
 M - a scroll of fear {unknown}
 P - a scroll of noise {unknown}
Potions
 a - a potion of magic {unknown}
 f - 4 potions of might {unknown}
 h - 5 potions of mutation
 l - 7 potions of curing
 m - 4 potions of brilliance {unknown}
 n - 2 potions of invisibility {unknown}
 q - 2 potions of cancellation {unknown}
 r - a potion of experience
 t - 7 potions of heal wounds {unknown}
 w - a potion of ambrosia {unknown}
 z - a potion of berserk rage {unknown}
 A - 4 potions of attraction {unknown}
 C - a potion of degeneration {unknown}
 D - 4 potions of flight {unknown}
 E - 4 potions of lignification {unknown}
 G - a potion of haste
 O - a potion of resistance {unknown}


   Skills:
 - Level 11.1 Fighting
 * Level 16.9 Axes
 - Level 9.3 Dodging


You had 11 spell levels left.
You didn't know any spells.
Your spell library was empty.

Dungeon Overview and Level Annotations

Branches:
Dungeon (12/15)            Temple (0/1) D:4            Lair (0/5) D:11
    Orc (0/2) D:12        Ossuary (visited)          Bailey (visited)

Altars:
Elyvilon
Gozag
Qazlal
Trog
Zin
The Shining One

Shops:
D:6 :   D:10 :


Innate Abilities, Weirdness & Mutations

You can breathe wild blasts of lightning.
Your glossy black scales are hard. (AC +8)
You cannot fit into any form of body armour.
You are resistant to electric shocks. (rElec)
You are cold-blooded and may be slowed by cold attacks.


Message History

Two slime creatures merge to form a large slime creature.
You slice the large slime creature!!
You tail-slap the large slime creature, but do no damage.
The large slime creature is lightly wounded.
You slash the large slime creature!
The large slime creature is moderately wounded.
The large slime creature misses you.
Two slime creatures merge to form a very large slime creature.
You slash the very large slime creature!
The very large slime creature is moderately wounded.
A slime creature comes into view.
You slice the very large slime creature!!
The very large slime creature is heavily wounded.
Two slime creatures merge to form an enormous slime creature.
A wraith comes into view.
You slice the enormous slime creature!!
The enormous slime creature is heavily wounded.
You slash the enormous slime creature!
You tail-slap the enormous slime creature, but do no damage.
The enormous slime creature is heavily wounded.
The enormous slime creature hits you.
You slice the enormous slime creature!!
You tail-slap the enormous slime creature.
The enormous slime creature is severely wounded.
A slime creature comes into view.
The enormous slime creature hits you!
You hit the enormous slime creature.
The enormous slime creature is severely wounded.
Two slime creatures merge to form a titanic slime creature.
You slice the titanic slime creature!!
You tail-slap the titanic slime creature!
The titanic slime creature is severely wounded.
The titanic slime creature barely misses you.
The titanic slime creature hits you!!!!
Ouch! That really hurt!
* * * LOW HITPOINT WARNING * * *
The titanic slime creature attacks as you move away!
The titanic slime creature hits you!!!
Ouch! That really hurt!
You die...

#..........'.###
###.
#..........###
#...
#..........#
###.
#..........# #..
#..........#
##.#
########'#.#
#.## ##....#.#
#).# #..####..
##.# #@## ###+
#.# #J# ##.#


WW. #... ..... ##.. ....... ##. #........ ## #<........ # #.........# # # You
could see a titanic slime creature and 2 wraiths.

Vanquished Creatures
  An orc warlord (Bailey)
  Erolcha (D:11)
  A boulder beetle (D:11)
  3 two-headed ogres
  Lodul (D:11)
  An orc knight (Bailey)
  An ugly thing (D:12)
  A manticore (D:12)
  Maurice (D:11)
  2 gargoyles (D:10)
  2 komodo dragons
  2 trolls
  4 shadows
  2 vampires
  A wraith (D:10)
  29 yaks
  8 spriggans (D:10)
  4 wyverns
  4 vampire mosquitoes (D:11)
  2 acid dragons (D:10)
  2 water moccasins (D:8)
  21 orc warriors
  3 black bears
  2 ice beasts
  A sky beast (D:6)
  2 hornet zombies (Ossuary)
  9 ogres
  3 centaurs
  2 kobold brigands
  6 bullfrogs
  3 wyvern zombies
  A gnoll sergeant (D:7)
  6 scorpions
  2 water moccasin zombies (Ossuary)
  7 wights
  The ghost of rundlesten the Chopper, a weakling MiBe of Trog (D:3)
  12 killer bees
  A howler monkey (D:6)
  5 electric eels (D:6)
  2 centaur zombies (Ossuary)
  3 bullfrog zombies (Ossuary)
  A gnoll bouda (D:6)
  2 jellies
  2 bullfrog skeletons (D:3)
  12 orc priests
  3 hounds
  An iguana (D:6)
  2 sleepcaps
  7 orc wizards
  3 killer bee zombies (Ossuary)
  16 mummies
  2 howler monkey zombies (Ossuary)
  A howler monkey skeleton (D:3)
  9 adders
  14 gnolls
  2 shadow imps
  2 white imps (D:8)
  2 ufetubi
  3 worms
  47 orcs
  4 endoplasms
  6 giant cockroaches
  18 goblins
  15 hobgoblins
  20 jackals
  10 kobolds
  4 quokkas
  6 ball pythons
  5 bats
  A frilled lizard (D:1)
  A goblin zombie (D:4)
  An orc zombie (D:4)
  4 rats
  A fungus (D:11)
392 creatures vanquished.

Vanquished Creatures (collateral kills)
  A centaur warrior (D:12)
1 creature vanquished.

Vanquished Creatures (others)
  20 fungi (D:11)
  24 plants
  9 withered plants (Ossuary)
53 creatures vanquished.

Grand Total: 446 creatures vanquished

Notes
Turn   | Place    | Note
-------+----------+-------------------------------------------
     0 | D:1      | bananamous the Draconian Berserker began the quest for the
                  | Orb.
     0 | D:1      | Reached XP level 1. HP: 19/19 MP: 1/1
    53 | D:1      | Identified 3 scrolls of acquirement
    53 | D:1      | Acquired the +3 pair of seven-league boots {Rampage+∞}
    53 | D:1      | Found the +3 pair of seven-league boots {Rampage+∞}
    54 | D:1      | Acquired 969 gold pieces
    55 | D:1      | Acquired the ring "Muzereow" {EV+5 Slay+3}
   155 | D:1      | Reached XP level 2. HP: 26/26 MP: 2/2
   747 | D:2      | Reached XP level 3. HP: 30/33 MP: 3/3
   838 | D:2      | Reached ** piety under Trog
  1250 | D:2      | Reached XP level 4. HP: 23/40 MP: 4/4
  1393 | D:2      | Reached skill level 4 in Axes
  1656 | D:3      | Found a runed translucent gate.
  1656 | D:3      | Found a runed translucent gate.
  1656 | D:3      | Found a runed translucent gate.
  1661 | D:3      | Reached XP level 5. HP: 47/47 MP: 5/5
  1666 | D:3      | Noticed rundlesten's ghost (weakling MiBe)
  1724 | D:3      | Found a glowing silver altar of Zin.
  2180 | D:3      | Reached skill level 5 in Fighting
  2181 | D:3      | Killed rundlesten's ghost
  2181 | D:3      | Reached *** piety under Trog
  2182 | D:3      | Reached XP level 6. HP: 43/56 MP: 6/6
  2416 | D:4      | Found a white marble altar of Elyvilon.
  2466 | D:4      | Found a glowing golden altar of the Shining One.
  2554 | D:4      | Found a stormy altar of Qazlal.
  2583 | D:4      | Found a staircase to the Ecumenical Temple.
  2616 | D:4      | Reached skill level 5 in Axes
  2623 | D:4      | Found a sand-covered staircase.
  2657 | Ossuary  | Entered an ossuary
  2697 | Ossuary  | Your scales start taking on a glossy black colour.
  2697 | Ossuary  | Reached XP level 7. HP: 44/62 MP: 7/7
  2697 | Ossuary  | Gained mutation: You are resistant to electric shocks.
                  | (rElec) [Black Draconian growth]
  2915 | Ossuary  | Reached skill level 5 in Dodging
  3116 | Ossuary  | Reached skill level 6 in Axes
  3205 | Ossuary  | Reached XP level 8. HP: 49/71 MP: 8/8
  3998 | D:5      | Entered Level 5 of the Dungeon
  4600 | D:6      | Reached skill level 7 in Axes
  4767 | D:6      | Reached **** piety under Trog
  4895 | D:6      | Reached XP level 9. HP: 81/81 MP: 9/9
  5016 | D:6      | Found Xixtot's Book Boutique.
  5387 | D:6      | Reached skill level 8 in Axes
  5738 | D:7      | Identified the +8 trident "Idaugra" {freeze, Stlth+}
  5828 | D:7      | Found a flagged portal.
  5837 | Bailey   | Entered a bailey
  6436 | Bailey   | Reached XP level 10. HP: 92/92 MP: 10/10
  6450 | Bailey   | Noticed an orc warlord
  6471 | Bailey   | Killed an orc warlord
  6472 | Bailey   | Reached skill level 10 in Fighting
  6472 | Bailey   | Reached skill level 9 in Axes
  6538 | Bailey   | Identified the +0 chain mail of Saogadd {rC+ rN+++ Str+2
                  | Int-2}
  6648 | Bailey   | Noticed an orc knight
  6669 | Bailey   | Killed an orc knight
  7627 | D:8      | Reached skill level 10 in Axes
  8757 | D:9      | Reached ***** piety under Trog
  8757 | D:9      | Noticed a two-headed ogre
  8761 | D:9      | Killed a two-headed ogre
  8762 | D:9      | Reached XP level 11. HP: 102/102 MP: 11/11
  8841 | D:9      | Reached skill level 11 in Axes
  8954 | D:9      | Found a bloodstained altar of Trog.
  9059 | D:9      | Identified the +7 battleaxe of Sustre {heavy, Str+5}
  9275 | D:10     | Entered Level 10 of the Dungeon
  9276 | D:10     | Found Ycypaut's Book Shoppe.
  9400 | D:10     | Found an opulent altar of Gozag.
  9400 | D:10     | Noticed a two-headed ogre
  9404 | D:10     | Killed a two-headed ogre
  9405 | D:10     | Reached skill level 12 in Axes
  9541 | D:10     | Reached skill level 13 in Axes
  9981 | D:10     | Reached skill level 14 in Axes
 10639 | D:11     | Noticed a boulder beetle
 10666 | D:11     | Killed a boulder beetle
 10667 | D:11     | Reached XP level 12. HP: 110/110 MP: 12/12
 10678 | D:11     | Noticed Lodul
 10683 | D:11     | Killed Lodul
 10749 | D:11     | Reached skill level 15 in Axes
 10758 | D:11     | Found a staircase to the Lair.
 11199 | D:11     | Noticed Maurice
 11206 | D:11     | Killed Maurice
 11209 | D:11     | Noticed Erolcha
 11213 | D:11     | Killed Erolcha
 11550 | D:12     | Reached skill level 16 in Axes
 11644 | D:12     | Noticed a two-headed ogre
 11665 | D:12     | Killed a two-headed ogre
 11783 | D:12     | Found a staircase to the Orcish Mines.
 11913 | D:12     | Noticed a centaur warrior
 11944 | D:12     | Killed a centaur warrior
 12344 | D:12     | Annihilated by a titanic slime creature

Illustrated notes

Levels and vault maps discovered:
D:1:      spicycebolla_arrival_ecumenical, layout_loops_ring
D:2:      layout_basic
D:3:      layout_rooms, mainiacjoe_overflow_paths, gammafunk_ghost_necromancy
D:4:      layout_rooms, tso_metal_star, mainiacjoe_overflow_catwalk,
          elyvilon_altar_5, minmay_temple_entry_stoned_glass,
          nicolae_ossuary_entry_giza, minmay_misc_feat_square, minivault_4
D:5:      layout_basic
D:6:      kennysheep_six_static_rooms, layout_basic, serial_shops,
          nicolae_shop_stone, serial_bayou_lagoon_b
D:7:      layout_basic, enter_bailey_2
D:8:      minmay_recursive_quarters, layout_layer_cave
D:9:      layout_gridville, trog_book
D:10:     kb_forest_paths, layout_basic,
          nicolae_gozag_cash_rules_everything_around_me, serial_shops, shop,
          minmay_tree_intersection, kennysheep_path_1
D:11:     layout_loops_ring, grunt_lair_entry_orc_guard_hut, uniq_lodul,
          uniq_erolcha, uniq_maurice
D:12:     layout_roguey, erik_orc_3, nicolae_trove_entry_diagonal,
          okawaru_humans

Skill      XL: |  1  2  3  4  5  6  7  8  9 10 11 12 |
---------------+-------------------------------------+-----
Dodging        | 3 4 5 6 8 9 |  9.3
Fighting       | 4 5 6 8 9 11 | 11.1
Axes           | 4 5 6 7 8 10 14 16 | 16.9

Action                     |  1- 3 |  4- 6 |  7- 9 | 10-12 || total
---------------------------+-------+-------+-------+-------++-------
  Melee: Hand axe          |   137 |   118 |       |       ||   255
         Tailslap          |    11 |    27 |    47 |    39 ||   124
         Punch             |     1 |     1 |     7 |       ||     9
         War axe           |       |    33 |   278 |       ||   311
         Broad axe         |       |       |   110 |     5 ||   115
         Executioner's axe |       |       |       |   313 ||   313
 Invoke: Berserk           |       |     2 |     4 |     4 ||    10
         Trog's Hand       |       |       |     4 |     6 ||    10
         Brothers in Arms  |       |       |     1 |     2 ||     3
Ability: Breathe Lightning |       |       |     1 |     4 ||     5
    Use: Scroll            |     3 |       |     5 |     6 ||    14
         Potion            |       |       |       |     3 ||     3
 Armour: Skin              |    62 |    87 |   109 |    38 ||   296
  Dodge: Dodged            |    81 |   120 |   281 |   221 ||   703
